 Dungeon Crawl Stone Soup version 0.28-a0-21-gf74fda84f9 (webtiles) character file.

Game seed: 1066809255583733092

161 SkeletonJelly the Slasher (level 5, 0/47 HPs)
             Began as a Draconian Monk on July 26, 2021.
             Killed from afar by a white imp (2 damage)
             ... with a puff of frost
             ... summoned by Eustachio
             ... on level 4 of the Dungeon.
             The game lasted 00:05:25 (4020 turns).

SkeletonJelly the Slasher (Draconian Monk)          Turns: 4020, Time: 00:05:26

Health: 0/47       AC:  6    Str: 13    XL:     5   Next: 18%
Magic:  5/5        EV: 12    Int: 11    God:
Gold:   48         SH:  5    Dex: 14    Spells: 2/4 levels left

rFire   . . .      SeeInvis .   k - +2 long sword (flame)
rCold   . . .      Faith    .   (no shield)
rNeg    . . .      Spirit   .   (armour unavailable)
rPois   .          Reflect  +   (helmet restricted)
rElec   .          Harm     .   (no cloak)
rCorr   .          Rampage  .   l - +0 pair of gloves
Will    +....                   (no boots)
Stlth   ++........              e - amulet of reflection
HPRegen 0.15/turn               g - ring of willpower
MPRegen 0.09/turn               (no ring)

@: no status effects
A: AC +5, unfitting armour, cold-blooded
a: no special abilities


You were on level 4 of the Dungeon.
You visited 1 branch of the dungeon, and saw 4 of its levels.

You collected 48 gold pieces.

Inventory:

Hand Weapons
 a - a +0 falchion
 k - a +2 long sword of flaming (weapon)
Armour
 l - a +0 pair of gloves (worn)
Jewellery
 e - an amulet of reflection (around neck)
 g - a ring of willpower (left hand)
Scrolls
 b - 3 scrolls of identify {unknown}
 d - a scroll of silence {unknown}
 f - a scroll of vulnerability {unknown}
 n - a scroll of teleportation {unknown}
Potions
 c - 3 potions of flight {unknown}
 h - 2 potions of heal wounds {unknown}
 i - a potion of brilliance {unknown}
 j - a potion of cancellation {unknown}
 m - a potion of degeneration {unknown}


   Skills:
 + Level 4.4 Fighting
 * Level 5.0 Long Blades
 - Level 2.6 Dodging
 - Level 1.7 Stealth
 + Level 1.3 Summonings


You had 2 spell levels left.
You knew the following spells:

 Your Spells              Type           Power      Damage    Failure   Level
i - Call Imp              Summ           2%         N/A       32%         2

Your spell library contained the following spells:

 Spells                   Type           Power      Damage    Failure   Level
 Magic Dart               Conj           0%         1d3       34%         1
 Mephitic Cloud           Conj/Pois/Air  0%         N/A       71%         3


Dungeon Overview and Level Annotations

Branches:
Dungeon (4/15)
 Temple: D:4-7

Altars:

Shops:
D:3 (

Annotations:
D:3 1 runed translucent door, Sin92's ghost, amateur DsFi
D:4 Eustachio


Innate Abilities, Weirdness & Mutations

Your plain brown scales are hard. (AC +5)
You cannot fit into any form of body armour.
You are cold-blooded and may be slowed by cold attacks.


Message History

Eustachio is heavily wounded.
The bat hits you but does no damage. The quokka barely misses you.
You riposte.
You miss the quokka. Eustachio closely misses you.
The river rat bites you but does no damage.
The bat hits you but does no damage.
You hit Eustachio. You burn Eustachio.
You tail-slap Eustachio, but do no damage.
Eustachio is severely wounded.
You block the bat's attack. The quokka barely misses you.
The river rat barely misses you. Eustachio hits you with a +0 rapier.
You block the river rat's attack. The quokka closely misses you.
You take 1 damage, and have 30/47 hp.
You hit Eustachio but do no damage. You tail-slap Eustachio.
Eustachio is severely wounded.
The bat hits you. The river rat closely misses you.
Eustachio hits you with a +0 rapier. The river rat barely misses you.
The quokka bites you. The bat hits you but does no damage.
The river rat bites you but does no damage.
You take 6 damage, and have 24/47 hp.
You closely miss Eustachio.
You tail-slap Eustachio, but do no damage.
Eustachio is severely wounded.
The bat hits you but does no damage.
Eustachio gestures wildly while chanting.
Eustachio blinks!
The river rat barely misses you. The quokka barely misses you.
The river rat barely misses you.
You hit the river rat. You burn the river rat.
The river rat is moderately wounded.
The bat hits you but does no damage.
The quokka bites you but does no damage.
The river rat barely misses you.
The iron imp sputters.
The river rat closely misses you. The quokka barely misses you.
You block the river rat's attack. You block the bat's attack.
The quokka bites you.
You take 4 damage, and have 20/47 hp.
You closely miss Eustachio.
You tail-slap Eustachio, but do no damage.
Eustachio is severely wounded.
The iron imp disappears in a puff of smoke!
The bat hits you but does no damage. The river rat barely misses you.
You riposte.
You hit the river rat. You burn the river rat.
You kill the river rat!
The river rat's corpse disappears in a puff of smoke!
The quokka bites you.
Eustachio casts a spell.
The bat hits you but does no damage.
You take 1 damage, and have 19/47 hp.
You hit Eustachio. You burn Eustachio.
Your tail-slap misses Eustachio.
Eustachio is almost dead.
The bat hits you but does no damage. You block the bat's attack.
The quokka barely misses you. The river rat bites you!
* * * LOW HITPOINT WARNING * * *
Eustachio closely misses you. The quokka bites you.
* * * LOW HITPOINT WARNING * * *
You take 7 damage, and have 12/47 hp.
You barely miss Eustachio.
Eustachio is almost dead.
The river rat bites you but does no damage.
You block the goblin's attack. The quokka barely misses you.
Eustachio casts a spell.
Eustachio blinks!
The shadow imp closely misses you.
You barely miss the goblin. The bat barely misses you.
The quokka closely misses you.
The river rat bites you but does no damage.
The goblin closely misses you.
Eustachio gestures wildly while chanting.
The white imp laughs crazily.
You block the shadow imp's attack.
You hit the goblin. You burn the goblin.
You kill the goblin!
The river rat disappears in a puff of smoke!
The rat disappears in a puff of smoke!
The quokka barely misses you.
You riposte.
You miss the quokka. You block the bat's attack. The white imp gestures at you.
The puff of frost hits you.
* * * LOW HITPOINT WARNING * * *
The shadow imp completely misses you.
The quokka bites you but does no damage.
You take 1 damage, and have 11/47 hp.
The bat hits you but does no damage. The shadow imp barely misses you.
The quokka bites you but does no damage.
The bat barely misses you.
You aren't carrying any items that you can evoke.
Eustachio casts a spell.
Eustachio blinks!
The quokka twitches its whiskers.
The white imp laughs crazily.
The white imp hits you but does no damage.
You block the bat's attack. The bat hits you but does no damage.
Eustachio casts a spell.
Eustachio blinks!
The bat barely misses you. The quokka misses you.
The bat hits you but does no damage. The white imp gestures at you.
The puff of frost hits you!
* * * LOW HITPOINT WARNING * * *
The white imp gestures at you. The puff of frost hits you.
You die...

#....# .. #....##
.# #....# .# ##
#....## ..#
##.###....###...##
#..@.#b55....$...#
#.....#.5..####...#
#..ยง..r.r### .
#...b..@##
#........##
##........#
#........#
#...)...##
#......## #.....##
#.##.## #.####


You could see Eustachio, 2 white imps, a shadow imp (summoned), a quokka
(summoned), 2 bats and a rat (summoned).

Vanquished Creatures
  A hound skeleton (D:4)
  Robin (D:3)
  4 adders
  3 worms
  2 dart slugs
  2 orcs
  4 endoplasms
  3 giant cockroaches
  11 hobgoblins
  8 jackals (D:1)
  4 quokkas
  2 ball pythons
  4 bats
  2 frilled lizards (D:3)
  17 goblins
  7 kobolds
  A rat (D:2)
76 creatures vanquished.

Notes
Turn   | Place    | Note
-------+----------+-------------------------------------------
     0 | D:1      | SkeletonJelly the Draconian Monk began the quest for the
                  | Orb.
     0 | D:1      | Reached XP level 1. HP: 19/19 MP: 1/1
   302 | D:1      | Reached XP level 2. HP: 10/26 MP: 2/2
   687 | D:1      | Reached XP level 3. HP: 25/33 MP: 3/3
  1203 | D:2      | Reached skill level 4 in Long Blades
  1464 | D:2      | Reached XP level 4. HP: 27/40 MP: 4/4
  1594 | D:2      | Learned a level 2 spell: Call Imp
  2600 | D:3      | Noticed Robin
  2636 | D:3      | Killed Robin
  3468 | D:3      | Reached skill level 1 in Summonings
  3482 | D:3      | Found a runed translucent door.
  3489 | D:3      | Noticed a phantom
  3489 | D:3      | Noticed Sin92's ghost (amateur DsFi)
  3537 | D:3      | Found Zipsafiv's Weapon Emporium.
  3565 | D:3      | Reached XP level 5. HP: 47/47 MP: 5/5
  3985 | D:4      | Reached skill level 5 in Long Blades
  3991 | D:4      | Noticed Eustachio
  4020 | D:4      | HP: 2/47 [white imp/puff of frost[Eustachio] (10)]
  4020 | D:4      | Killed from afar by a white imp

Illustrated notes

Levels and vault maps discovered:
D:1:      heliophobic_arrival_glass_houses, layout_basic
D:2:      layout_loops_corners, serial_bayou_pond_e, st_stairs_3
D:3:      layout_basic, ebering_ghost_inner_flame, serial_shops,
          nicolae_shop_statue_plus, serial_corexii_hall,
          chequers_hall_statues_corner_a, chequers_hall_statues_corner_a,
          corexii_hall_statues_u, corexii_hall_statues_l, minmay_fountain_box,
          uniq_robin
D:4:      layout_cave_pods, trog_ov_bears_minmay, serial_park_tiny_pond,
          grunt_ministairs_5, nrook_loot_triangle, uniq_eustachio

Skill      XL: |  1  2  3  4  5 |
---------------+----------------+-----
Long Blades    | 4 5 |  5.0
Fighting       | 4 |  4.4
Summonings     | 1 |  1.3
Dodging        | |  2.6
Stealth        | |  1.7

Action                   |  1- 3 |  4- 6 || total
-------------------------+-------+-------++-------
Melee: Falchion          |   120 |   118 ||   238
       Tailslap          |    17 |    20 ||    37
       Long sword        |       |    43 ||    43
 Stab: Sleeping          |     2 |     6 ||     8
       Distracted        |     1 |     1 ||     2
Armor: Skin              |    30 |    64 ||    94
Dodge: Dodged            |    68 |   106 ||   174
Block: Other             |    12 |    61 ||    73
       Reflection        |     1 |       ||     1
       Rpst.: Falchion   |    25 |    20 ||    45
       Long sword        |       |    11 ||    11

Table legend: (Time is in decaauts)
 A = Elapsed time spent in this place.
 B = Non-inter-level travel time spent in this place.
 C = Inter-level travel time spent in this place.
 D = Time resting spent in this place.
 E = Time spent auto-exploring this place.
 F = Levels seen in this place.
 G = Mean time per level.
                   A        B        C        D        E       F      G
               +--------+--------+--------+--------+--------+-----+--------+
         Total |   4050 |   3918 |    132 |    202 |   3005 |   4 | 1012.5 |
       Dungeon |   4050 |   3918 |    132 |    202 |   3005 |   4 | 1012.5 |
               +--------+--------+--------+--------+--------+-----+--------+

Top non-repeatable levels by time:
     D:1: 1415 daAuts
     D:2: 1411 daAuts
     D:3: 1138 daAuts
     D:4: 83 daAuts
